 Dungeon Crawl Stone Soup version 0.23.1 (webtiles) character file.

Game seed: 0

5289 night the Grappler (level 10, -10/124 HPs)
             Began as a Demonspawn Gladiator on Mar 7, 2019.
             Was a Priest of Nemelex Xobeh.
             Killed from afar by a deep elf knight (16 damage)
             ... with a shard of ice
             ... on level 9 of the Dungeon.
             The game lasted 00:28:39 (11051 turns).

night the Grappler (Demonspawn Gladiator)          Turns: 11051, Time: 00:28:43

Health: -10/124    AC: 25    Str: 17    XL:     10   Next: 37%
Magic:  13/16      EV:  2    Int: 15    God:    Nemelex Xobeh [***...]
Gold:   560        SH:  0    Dex: 15    Spells: 9/9 levels left

rFire    + . .     SeeInvis .     - Unarmed
rCold    + . .     Gourm    .   (no shield)
rNeg     + + +     Faith    .   (armour currently unavailable)
rPois    +         Spirit   .   (helmet currently unavailable)
rElec    +         Reflect  .   (cloak currently unavailable)
rCorr    +         Harm     .   (gloves currently unavailable)
MR       .....     NoTele   +   (boots currently unavailable)
Stlth    +.........             (no amulet)
HPRegen  0.30/turn              (no ring)
MPRegen  0.15/turn              (no ring)

@: brilliant, tree-form, resistant, studying Stealth
A: rugged brown scales 2, demonic guardian 1, robust 1, MP-powered wands
a: Draw Escape, Draw Destruction, Draw Summoning, Triple Draw, Renounce Religion


You were on level 9 of the Dungeon.
You worshipped Nemelex Xobeh.
Nemelex Xobeh was most pleased with you.
You were very hungry.
You were a tree.
You visited 2 branches of the dungeon, and saw 10 of its levels.

You collected 618 gold pieces.
You spent 58 gold pieces at shops.

Inventory:

Hand Weapons
 C - a +0 longbow
 E - the +10 whip of Precise Incision {freeze, rPois MP+9}
   (You found it on level 9 of the Dungeon)

   It has been specially enchanted to freeze those struck by it, causing extra
   injury to most foes and up to half again as much damage against particularly
   susceptible opponents.
   It can also slow down cold-blooded creatures.
   It protects you from poison.
   It affects your magic capacity (+9).
Missiles
 c - 5 throwing nets (quivered)
 e - 93 arrows
 f - 30 tomahawks
 g - 256 stones
 j - 57 sling bullets
 m - 26 bolts
Armour
 k - a +0 scale mail (melded)
 o - a +0 pair of gloves (melded)
 p - a +0 cloak (melded)
 F - a +0 pair of boots (melded)
Wands
 s - a wand of scattershot (2)
 u - a wand of flame (11)
Scrolls
 a - 4 scrolls of remove curse {unknown}
 h - 8 scrolls of identify {unknown}
 i - a scroll of enchant weapon {unknown}
 n - 2 scrolls of blinking {unknown}
 r - a scroll of enchant armour {unknown}
 t - a scroll of immolation {unknown}
 y - a scroll of magic mapping {unknown}
 z - a scroll of amnesia {unknown}
 B - 2 scrolls of teleportation {unknown}
 G - a scroll of vulnerability {unknown}
Potions
 l - 5 potions of mutation
 w - a potion of lignification
Books
 A - a manual of Stealth
Miscellaneous
 D - a phial of floods (inert)
Comestibles
 d - 16 rations


   Skills:
 + Level 4.8 Fighting
 - Level 1.7 Throwing
 + Level 4.0 Armour
 + Level 4.8 Dodging
 * Level 10.6 Unarmed Combat
 + Level 9.3 Invocations


You had 9 spell levels left.
You didn't know any spells.
Your spell library contained the following spells:

 Spells                   Type           Power        Failure   Level  Hunger
 Animate Skeleton         Necr           N/A          3%          1    ##.....
 Apportation              Tloc           #.....       3%          1    ##.....
 Confusing Touch          Hex            #.....       3%          1    ##.....
 Corona                   Hex            #......      3%          1    ##.....
 Summon Small Mammal      Summ           #...         3%          1    ##.....
 Call Imp                 Summ           #.......     4%          2    ###....
 Ensorcelled Hibernation  Hex/Ice        #.....       4%          2    ###....
 Slow                     Hex            #.......     4%          2    ###....
 Call Canine Familiar     Summ           #.......     10%         3    ####...
 Confuse                  Hex            #.......     10%         3    ####...
 Dazzling Spray           Conj/Hex       #.....       10%         3    ####...
 Inner Flame              Hex/Fire       #.......     10%         3    ####...
 Portal Projectile        Hex/Tloc       #.....       10%         3    ####...
 Summon Guardian Golem    Hex/Summ       #.......     10%         3    ####...
 Tukima's Dance           Hex            #.......     10%         3    ####...
 Cause Fear               Hex            #.........   26%         4    #####..
 Leda's Liquefaction      Hex/Erth       #.........   26%         4    #####..
 Summon Ice Beast         Ice/Summ       #.......     26%         4    #####..
 Summon Lightning Spire   Summ/Air       #.......     26%         4    #####..


Dungeon Overview and Level Annotations

Branches:
Dungeon (9/15)             Temple (1/1) D:7            Lair (0/6) D:9
    Orc: D:9-12

Altars:
Ashenzari
Cheibriados
Dithmenos
Elyvilon
Fedhas
Gozag
Hepliaklqana
Kikubaaqudgha
Makhleb
Nemelex Xobeh
Okawaru
Qazlal
Ru
Sif Muna
Trog
Uskayaw
Vehumet
Wu Jian
Xom
Yredelemnul
Zin
The Shining One

Shops:
D:9 (

Annotations:
D:9 1 transporter


Innate Abilities, Weirdness & Mutations

((You have a pair of small antennae on your head.))
(You are mostly covered in rugged brown scales. (AC +2, +5% HP))
A weak demonic guardian rushes to your aid.
((You are partially covered in sharp spines.))
You are robust. (+10% HP)
You expend magic power (3 MP) to strengthen your wands.


Message History

Press: ? - help, Shift-Dir - straight line, f/p - deep elf knight
Aim: a deep elf knight, wielding a +0 long sword (lightly wounded)
You feel a surge of power!
The burst of metal fragments hits the deep elf knight! x4
The deep elf knight is almost dead.
The deep elf knight hits you with a +0 long sword!
* * * LOW HITPOINT WARNING * * *
Your basilisk bites the great orb of eyes!
Your raiju bites the great orb of eyes.
The great orb of eyes dies!
Your life force feels restored.
Your Armour skill increases to level 4!
The ice beast hits you but does no damage.
You hit the deep elf knight.
The deep elf knight is almost dead.
The hound skeleton closely misses your ice beast.
The deep elf knight gestures at you while chanting.
The shard of ice hits you! You partially resist.
You die...
Your body glows with a rainbow of weird colours and disappears.

###########....### #
#............^.################
###.####............#............
....# #..#########...####...####
##### #.##..≈≈...##..#....#.....
# #.#8.≈#≈#..8#..#.##...#### #
##.#$$#.≈.#..#..#.###### #
##..#}$...ElY.#..#.# #
#..©#©"....♣YZ#©...# #
#...#}$....he.#....#
######.#.#?$#...#..#....#
.......#.#8..#.#..8#...##
.#.#####.##.......##...##########
.#.#####).#########..............
.#.#>...............##.#########.
.#.#..............####.# #.
.#...(###.#####.#.# #.# #.


You could see a deep elf knight, an ice beast, a hound skeleton, a friendly
water elemental, a friendly raiju, a friendly basilisk and a friendly ice beast.

Vanquished Creatures
  An unseen horror (D:8)
  A wyvern (D:9)
  A hungry ghost (D:7)
  A water moccasin (D:6)
  2 orc warriors
  2 phantoms
  An ice beast (D:7)
  3 ogres
  A sky beast (D:8)
  A centaur (D:8)
  A big kobold (D:5)
  2 bullfrogs
  3 scorpions
  A water moccasin skeleton (D:8)
  3 killer bees
  4 wights (D:9)
  A howler monkey (D:4)
  A centaur zombie (D:9)
  3 crimson imps
  A jelly (D:5)
  4 orc priests
  8 hounds
  2 iguanas
  15 orc wizards
  8 worker ants
  A killer bee zombie (D:8)
  5 hound skeletons
  A worker ant zombie (D:9)
  3 gnolls (D:5)
  18 adders
  2 shadow imps
  2 oozes
  An adder skeleton (D:3)
  2 worms
  3 dart slugs
  5 leopard geckos
  51 orcs
  A ball python (D:5)
  10 giant cockroaches
  8 goblins
  7 hobgoblins
  20 jackals
  6 kobolds
  3 quokkas
  8 bats
  4 frilled lizards
  A quokka skeleton (D:8)
  4 rats
237 creatures vanquished.

Vanquished Creatures (collateral kills)
  A great orb of eyes (D:9)
  Prince Ribbit (D:5)
  A wraith (D:9)
  Sigmund (D:3)
  A water moccasin (D:8)
  An ice beast (D:9)
  A killer bee (D:5)
  3 orc priests
  A hound (D:5)
  An orc wizard (D:3)
  A centaur skeleton (D:9)
  Natasha (D:3)
  A hound skeleton (D:5)
  A gnoll (D:5)
  6 orcs
  A giant cockroach (D:7)
  A goblin (D:5)
  A hobgoblin (D:3)
  A leopard gecko zombie (D:6)
26 creatures vanquished.

Vanquished Creatures (others)
  A wight (D:9)
  An adder (D:3)
2 creatures vanquished.

Grand Total: 265 creatures vanquished

Notes
Turn   | Place    | Note
-------+----------+-------------------------------------------
     0 | D:1      | night the Demonspawn Gladiator began the quest for the Orb.
     0 | D:1      | Reached XP level 1. HP: 16/16 MP: 1/1
   154 | D:1      | Reached skill level 3 in Unarmed Combat
   340 | D:1      | Gained mutation: A weak demonic guardian rushes to your
                  | aid. [demonic ancestry]
   340 | D:1      | Reached XP level 2. HP: 19/22 MP: 2/2
   829 | D:1      | Reached XP level 3. HP: 22/27 MP: 3/3
  1141 | D:2      | Reached skill level 4 in Unarmed Combat
  1461 | D:2      | Found a white marble altar of Elyvilon.
  1524 | D:2      | Found a burning altar of Makhleb.
  1527 | D:2      | Found a basalt altar of Yredelemnul.
  1650 | D:2      | Reached XP level 4. HP: 30/33 MP: 4/4
  1967 | D:2      | Found a shadowy altar of Dithmenos.
  2060 | D:2      | Found a sparkling altar of Nemelex Xobeh.
  2068 | D:2      | Became a worshipper of Nemelex Xobeh the Trickster
  2192 | D:3      | Received a gift from Nemelex Xobeh
  2393 | D:3      | Reached skill level 5 in Unarmed Combat
  2490 | D:3      | Gained mutation: You have a pair of small antennae on your
                  | head. [potion of mutation]
  2490 | D:3      | Gained mutation: You expend magic power (3 MP) to
                  | strengthen your wands. [potion of mutation]
  2490 | D:3      | Gained mutation: You are robust. (+10% HP) [potion of
                  | mutation]
  2492 | D:3      | Reached skill level 1 in Invocations
  2497 | D:3      | Gained mutation: You are partially covered in sharp spines.
                  | [demonic ancestry]
  2497 | D:3      | Reached XP level 5. HP: 5/41 MP: 5/5
  2512 | D:3      | HP: 2/41 [poisoned by an adder]
  2885 | D:3      | Noticed Sigmund
  2892 | D:3      | Killed Sigmund
  2892 | D:3      | Reached XP level 6. HP: 24/48 MP: 5/8
  2910 | D:3      | Found a white marble altar of Elyvilon.
  2969 | D:3      | Reached skill level 6 in Unarmed Combat
  3657 | D:3      | Received a gift from Nemelex Xobeh
  3663 | D:3      | Noticed Natasha
  3670 | D:3      | Killed Natasha
  3874 | D:4      | Gained mutation: You are partially covered in rugged brown
                  | scales. (AC +1, +3% HP) [demonic ancestry]
  3874 | D:4      | Reached XP level 7. HP: 37/56 MP: 8/10
  4387 | D:4      | Reached * piety under Nemelex Xobeh
  4399 | D:4      | Reached skill level 7 in Unarmed Combat
  4789 | D:5      | Entered Level 5 of the Dungeon
  4825 | D:5      | Reached skill level 5 in Invocations
  4938 | D:5      | Found an iron altar of Okawaru.
  5165 | D:5      | Found a sacrificial altar of Ru.
  5206 | D:5      | Reached skill level 8 in Unarmed Combat
  5206 | D:5      | Mutation became permanent: You have a pair of small
                  | antennae on your head. [demonic ancestry]
  5206 | D:5      | Gained mutation: You have a pair of small antennae on your
                  | head. [demonic ancestry]
  5206 | D:5      | Reached XP level 8. HP: 52/63 MP: 12/12
  5208 | D:5      | Found a radiant altar of Vehumet.
  5505 | D:5      | Noticed Prince Ribbit
  5527 | D:5      | Killed Prince Ribbit
  5743 | D:5      | Found a glowing silver altar of Zin.
  6428 | D:6      | Reached skill level 9 in Unarmed Combat
  6521 | D:6      | Found an ancient bone altar of Kikubaaqudgha.
  6559 | D:6      | Reached skill level 1 in Armour
  6574 | D:6      | Reached ** piety under Nemelex Xobeh
  6925 | D:6      | Found a shadowy altar of Dithmenos.
  7269 | D:6      | Found a hide-covered altar of Uskayaw.
  7362 | D:6      | Received a gift from Nemelex Xobeh
  7374 | D:6      | Gained mutation: You are mostly covered in rugged brown
                  | scales. (AC +2, +5% HP) [demonic ancestry]
  7374 | D:6      | Reached XP level 9. HP: 61/71 MP: 14/14
  8454 | D:7      | Found a deep blue altar of Sif Muna.
  8546 | D:7      | Found a staircase to the Ecumenical Temple.
  8558 | Temple   | Entered the Ecumenical Temple
  9101 | D:8      | Killed an unseen horror
  9101 | D:8      | Reached skill level 10 in Unarmed Combat
  9422 | D:8      | Reached *** piety under Nemelex Xobeh
  9482 | D:8      | Reached XP level 10. HP: 45/82 MP: 16/16
  9495 | D:8      | Received a gift from Nemelex Xobeh
 10284 | D:9      | Found a staircase to the Lair.
 10293 | D:9      | Found a transporter.
 10294 | D:9      | Noticed a deep elf knight
 10297 | D:9      | Noticed a great orb of eyes
 10301 | D:9      | Got a polished whip
 10302 | D:9      | Identified the +10 whip of Precise Incision {freeze, rPois
                  | MP+9} (You found it on level 9 of the Dungeon)
 10316 | D:9      | Found a transporter.
 10335 | D:9      | Found Daatat's Weapon Emporium.
 10340 | D:9      | Bought a +0 longbow for 58 gold pieces
 10346 | D:9      | Received a gift from Nemelex Xobeh
 11050 | D:9      | HP: 6/124 [deep elf knight/+0 long sword (16)]
 11050 | D:9      | Killed a great orb of eyes
 11051 | D:9      | Killed from afar by a deep elf knight

Skill      XL: |  1  2  3  4  5  6  7  8  9 10 |
---------------+-------------------------------+-----
Unarmed Combat | 3 4 5 6 8 9 10 | 10.6
Invocations    | 1 2 4 6 7 8 9 |  9.3
Armour         | 1 3 4 |  4.0
Dodging        | 3 4 |  4.8
Fighting       | 4 |  4.8
Throwing       | |  1.7

Action                   |  1- 3 |  4- 6 |  7- 9 | 10-12 || total
-------------------------+-------+-------+-------+-------++-------
Melee: Unarmed           |   140 |   181 |   389 |    98 ||   808
       Punch             |     3 |     4 |    17 |     8 ||    32
Invok: Triple Draw       |       |       |       |     1 ||     1
 Abil: Draw Destruction  |       |     3 |       |     1 ||     4
       Draw Summoning    |       |       |     1 |     1 ||     2
Evoke: Wand              |       |       |     1 |     1 ||     2
       Phial of floods   |       |       |       |     1 ||     1
  Use: Potion            |       |     2 |       |     5 ||     7
 Stab: Invisible         |       |     2 |       |       ||     2
       Distracted        |       |     1 |     5 |       ||     6
       Petrified         |       |       |       |     6 ||     6
  Eat: Chunk             |     2 |     8 |    16 |     4 ||    30
       Ration            |       |       |     1 |       ||     1
Armor: Ring mail         |    53 |       |       |       ||    53
       Leather armour    |     5 |       |       |       ||     5
       Scale mail        |       |    58 |   123 |    34 ||   215
       Skin              |       |       |       |     9 ||     9
Dodge: Dodged            |    74 |    83 |   164 |    42 ||   363
